 Dungeon Sprint DCSS version 0.17-a0-1718-g72dbe4d (webtiles) character file.

3600000 ztt the Axe Maniac (level 22, -29/233 HPs)
             Began as a Ghoul Gladiator on Aug 25, 2015.
             Was the Champion of Makhleb.
             Killed from afar by a large bag of meat (48 damage)
             ... with an exploding inner flame
             ... in the Dungeon (Sprint VIII: "Arena of Blood").
             The game lasted 00:00:55 (36 turns).

ztt the Axe Maniac (Ghoul Gladiator)                  Turns: 36, Time: 00:00:55

Health: -29/233    AC:  8    Str: 29    XL:     22   Next: 41%
Magic:  19/43      EV: 23    Int:  3    God:    Makhleb [******]
Gold:   0          SH:  0    Dex:  9    Spells: 0 memorised, 57 levels left

rFire  . . .     SeeInvis .     l - +∞ Axe of Woe
rCold  + . .     Clarity  .     b - +0 leather armour
rNeg   + + +     SustAt   .     (no shield)
rPois  ∞         Gourm    .     c - +0 helmet
rElec  .         Spirit   .     (no cloak)
rCorr  .         Warding  .     (no gloves)
rMut   .         NoTele   +     (no boots)
MR     +....                    (no amulet)
Stlth  ++++++++..               (no ring)
                                (no ring)

@: rotting, somewhat resistant to hostile enchantments, extraordinarily stealthy
A: rotting body, claws 1, carnivore 3, cold resistance 1, negative energy
resistance 3, slow healing 1, torment resistance, unbreathing
a: Minor Destruction, Lesser Servant of Makhleb, Major Destruction, Greater
Servant of Makhleb, Renounce Religion


You were in the Dungeon.
You worshipped Makhleb.
Makhleb was exalted by your worship.
You were not hungry.

You visited 1 branch

Inventory:

Hand weapons
 a - a +0 war axe
 l - the +∞ Axe of Woe (weapon)
   (You found it in the Dungeon)
Missiles
 d - 3 throwing nets (quivered)
Armour
 b - a +0 leather armour (worn)
 c - a +0 helmet (worn)
Scrolls
 k - a scroll of blinking
Potions
 f - a potion of curing
 g - a potion of heal wounds
 h - a potion of haste
 i - 2 potions of magic
 j - a potion of berserk rage
Comestibles
 e - a meat ration


   Skills:
 O Level 27 Fighting
 O Level 27 Axes
 O Level 27 Throwing
 O Level 27 Armour
 O Level 27 Dodging
 + Level 23.9 Stealth
 + Level 22.3 Unarmed Combat
 + Level 18.1 Spellcasting
 + Level 22.3 Invocations


You had 57 spell levels left.
You didn't know any spells.

Dungeon Overview and Level Annotations

Branches:
Dungeon (1/1)

Altars:
Makhleb


Innate Abilities, Weirdness & Mutations

Your body is rotting away.
You thrive on raw meat.
You are immune to poison.
You have sharp fingernails.
You are carnivorous and can eat meat at any time.
Your flesh is cold resistant.
You are immune to negative energy.
You heal slowly when monsters are visible.
You are immune to unholy pain and torment.
You can survive without breathing.


Message History

Things that are here:
a +9 battleaxe; a +30 ring of slaying; a meat berserker corpse The bag of meat shouts!
You slice The Servant!!
You hew The Servant savagely.
You kill The Servant!
Makhleb accepts your kill.
Your Stealth skill gained 4 levels and is now at level 23!
Your Unarmed Combat skill gained 4 levels and is now at level 22!
Your Spellcasting skill gained 4 levels and is now at level 18!
Your Invocations skill gained 4 levels and is now at level 22!
You have reached level 22!
You hear a shout! x4
A destroyer comes into view.
It is wielding a +9 great sword of slicing.
Unknown command.
The destroyer shouts!
You slash the large bag of meat!
You chop the large bag of meat into pieces.
The large bag of meat explodes!
The fiery explosion engulfs you!
You die...

#......)._.......
.......)###..o....
...###.)))..o###..
.. #))§)...#....
...#.)§))o.#....
.V..............
......§§§......#
........§)§.....#
.........§@)..##.
....#........#....
.............#...#
.##.#..........
..............
#....#.....####
............
............


You could see a destroyer and 3 bags of meat.

Vanquished Creatures
  Harold (D)
  A vampire knight (D)
  4 ogres (D)
  19 orcs (D)
  A hill giant (D)
26 creatures vanquished.

Notes
Turn   | Place    | Note
--------------------------------------------------------------
     0 | D        | ztt the Ghoul Gladiator began the quest for the Orb.
     0 | D        | Reached XP level 1. HP: 17/17 MP: 0/0
     4 | D        | Noticed a bag of meat
     4 | D        | Became a worshipper of Makhleb the Destroyer
     7 | D        | Noticed a bag of meat
     9 | D        | Killed a bag of meat
     9 | D        | Reached skill level 11 in Fighting
     9 | D        | Reached skill level 16 in Axes
     9 | D        | Reached XP level 2. HP: 20/40 MP: 1/1
     9 | D        | Reached XP level 3. HP: 23/47 MP: 2/2
     9 | D        | Reached XP level 4. HP: 26/55 MP: 3/3
     9 | D        | Reached XP level 5. HP: 28/61 MP: 4/4
     9 | D        | Reached XP level 6. HP: 31/68 MP: 5/5
     9 | D        | Reached XP level 7. HP: 33/74 MP: 6/6
     9 | D        | Reached XP level 8. HP: 36/82 MP: 7/7
     9 | D        | Reached XP level 9. HP: 39/89 MP: 8/8
     9 | D        | Reached XP level 10. HP: 42/96 MP: 9/9
     9 | D        | Reached XP level 11. HP: 44/102 MP: 10/10
     9 | D        | Reached XP level 12. HP: 47/110 MP: 11/11
    10 | D        | Noticed a bag of meat
    10 | D        | Noticed a bag of meat
    10 | D        | Noticed a bag of meat
    10 | D        | Noticed a bag of meat
    10 | D        | Noticed a bag of meat
    10 | D        | Noticed a bag of meat
    11 | D        | Noticed a bag of meat
    11 | D        | Noticed a bag of meat
    11 | D        | Killed a bag of meat
    11 | D        | Acquired Makhleb's first power
    11 | D        | Reached skill level 19 in Axes
    11 | D        | Reached skill level 10 in Throwing
    11 | D        | Reached XP level 13. HP: 49/119 MP: 12/12
    12 | D        | Noticed a bag of meat
    12 | D        | Noticed a bag of meat
    12 | D        | Noticed a bag of meat
    13 | D        | Noticed a large bag of meat
    13 | D        | Killed a bag of meat
    13 | D        | Reached skill level 20 in Axes
    13 | D        | Reached XP level 14. HP: 106/132 MP: 13/13
    14 | D        | Noticed a bag of meat
    14 | D        | Killed a bag of meat
    14 | D        | Acquired Makhleb's second power
    14 | D        | Reached skill level 21 in Axes
    14 | D        | Killed a bag of meat
    14 | D        | Reached skill level 15 in Fighting
    14 | D        | Reached skill level 23 in Axes
    14 | D        | Reached XP level 15. HP: 139/143 MP: 14/14
    14 | D        | Killed a bag of meat
    14 | D        | Acquired Makhleb's third power
    14 | D        | Reached skill level 24 in Axes
    15 | D        | Noticed a bag of meat
    15 | D        | Noticed a bag of meat
    15 | D        | Killed a bag of meat
    15 | D        | Reached XP level 16. HP: 150/155 MP: 15/15
    15 | D        | Killed a bag of meat
    15 | D        | Reached skill level 25 in Axes
    16 | D        | Noticed a meat berserker
    17 | D        | Noticed a bag of meat
    17 | D        | Noticed a meat berserker
    17 | D        | Noticed a bag of meat
    17 | D        | Killed a bag of meat
    17 | D        | Acquired Makhleb's fourth power
    17 | D        | Reached skill level 26 in Axes
    17 | D        | Reached skill level 15 in Throwing
    17 | D        | Killed a bag of meat
    17 | D        | Reached skill level 27 in Axes
    17 | D        | Reached XP level 17. HP: 165/168 MP: 16/16
    18 | D        | Noticed a bag of meat
    18 | D        | Killed a large bag of meat
    18 | D        | Reached skill level 1 in Armour
    18 | D        | Reached skill level 27 in Dodging
    18 | D        | Killed a bag of meat
    18 | D        | Acquired Makhleb's fifth power
    20 | D        | Killed a bag of meat
    21 | D        | Killed a meat berserker
    21 | D        | Reached skill level 27 in Fighting
    21 | D        | Reached XP level 18. HP: 191/200 MP: 17/17
    21 | D        | Killed a bag of meat
    22 | D        | Noticed a destroyer
    22 | D        | Killed a meat berserker
    22 | D        | Reached skill level 27 in Throwing
    22 | D        | Reached skill level 15 in Armour
    22 | D        | Reached XP level 19. HP: 207/207 MP: 18/18
    22 | D        | Killed a bag of meat
    23 | D        | Killed a bag of meat
    23 | D        | Killed a bag of meat
    24 | D        | Noticed a meat berserker
    25 | D        | Noticed a large bag of meat
    25 | D        | Killed a bag of meat
    25 | D        | Reached XP level 20. HP: 216/216 MP: 19/19
    25 | D        | Killed a destroyer
    25 | D        | Reached skill level 27 in Armour
    26 | D        | Noticed a meat berserker
    30 | D        | Noticed The Servant
    31 | D        | Killed a meat berserker
    31 | D        | Reached XP level 21. HP: 138/224 MP: 19/33
    32 | D        | Noticed a bag of meat
    32 | D        | Killed a bag of meat
    32 | D        | Reached skill level 10 in Spellcasting
    32 | D        | Killed a bag of meat
    32 | D        | Reached skill level 15 in Unarmed Combat
    32 | D        | Reached skill level 15 in Invocations
    33 | D        | Killed a meat berserker
    34 | D        | Noticed a bag of meat
    35 | D        | Noticed a bag of meat
    35 | D        | Killed The Servant
    35 | D        | Reached XP level 22. HP: 19/233 MP: 19/43
    36 | D        | Noticed a destroyer
    36 | D        | Killed a large bag of meat
    36 | D        | Killed from afar by a large bag of meat

Vault maps used:
D:        meatsprint

Action                   |  1- 3 |  4- 6 |  7- 9 | 10-12 | 13-15 | 16-18 | 19-21 | 22-24 || total
-------------------------+-------+-------+-------+-------+-------+-------+-------+-------++-------
Melee: Executioner's axe |     1 |       |       |     1 |     3 |     5 |     6 |     1 ||    17
